PA
ATHLETIC CLUB KC U-21 @ SOUTH BEACH BLAZE
06/08/2022
 
TOP OF THE 1ST
Athletic Club KC U-21 batting - Pitching for South Beach Blaze : RHP Alberto Reyes
Pitching: RHP Alberto Reyes
Batting: RHB Aurelio Álvarez 0-0: Ball
1-0: Ball
2-0: Ball
3-0: Called Strike
3-1: Base on Balls
Batting: RHB José Flores 0-0: Called Strike
0-1: Fly out, F6 (Popup, 6)
Batting: LHB Michael Landry 0-0: Called Strike
0-1: Ball
Aurelio Álvarez steals 2nd base
1-1: Ball
2-1: Ball
3-1: Swinging Strike
3-2: SINGLE (Groundball, 34)
Aurelio Álvarez to third
Runner from 3rd tries for Home, SAFE, no throw or cutoff
Batting: SHB Fernando Luna 0-0: Called Strike
0-1: SINGLE (Groundball, 4MD)
Michael Landry to second
Runner from 2nd tries for 3rd, SAFE, no throw or cutoff
Batting: LHB Naohiro Sakai 0-0: Ball
1-0: Called Strike
1-1: Swinging Strike
1-2: Ball
2-2: Ball
3-2: Base on Balls
Fernando Luna to second
Batting: RHB Geoff Rivers 0-0: Called Strike
0-1: Ball
1-1: Foul Ball, location: 2F
1-2: Ball
2-2: Ball
3-2: Base on Balls
Michael Landry scores
Fernando Luna to third
Naohiro Sakai to second
Batting: RHB Chris Costa 0-0: Ball
1-0: Grounds into fielders choice 1-2 (Groundball, 13S)
Naohiro Sakai to third
Geoff Rivers to second
Batting: RHB Iván Chacón 0-0: Ground out 6-3 (Groundball, 6S)
Top of the 1st over - 2 run(s), 2 hit(s), 0 error(s), 3 left on base; Athletic Club KC 2 - South Beach 0
BOTTOM OF THE 1ST
South Beach Blaze batting - Pitching for Athletic Club KC U-21 : RHP Carlos Acosta
Pitching: RHP Carlos Acosta
Batting: RHB Nick Ross 0-0: Called Strike
0-1: Ball
1-1: SINGLE (Groundball, 34D)
Batting: RHB Omar Schuler 0-0: Called Strike
0-1: Swinging Strike
0-2: Foul Ball, location: 2F
0-2: Ball
1-2: Fielders Choice at 2nd, 4-6 (Groundball, 4)
Batting: RHB Marcos Reyes 0-0: Called Strike
Omar Schuler is caught stealing 2nd base
0-1: Ground out 1-3 (Groundball, 13)
Bottom of the 1st over - 0 run(s), 1 hit(s), 0 error(s), 0 left on base; Athletic Club KC 2 - South Beach 0
TOP OF THE 2ND
Athletic Club KC U-21 batting - Pitching for South Beach Blaze : RHP Alberto Reyes
Batting: RHB Diego Bonilla 0-0: Called Strike
0-1: Foul Ball, location: 2F
0-2: DOUBLE (Groundball, 5L)
Batting: RHB Aurelio Álvarez 0-0: Called Strike
0-1: Called Strike
0-2: Ball
1-2: Foul Ball, location: 2F
1-2: Strikes out swinging
Batting: RHB José Flores 0-0: Called Strike
0-1: Foul Ball, location: 2F
0-2: Ball
1-2: Ball
Single, Error in OF, E8, batter to second base
Diego Bonilla scores
Batting: LHB Michael Landry 0-0: Fly out, F7 (Flyball, 7M)
Batting: SHB Fernando Luna 0-0: Swinging Strike
0-1: Called Strike
0-2: Strikes out swinging
Top of the 2nd over - 1 run(s), 2 hit(s), 1 error(s), 1 left on base; Athletic Club KC 3 - South Beach 0
BOTTOM OF THE 2ND
South Beach Blaze batting - Pitching for Athletic Club KC U-21 : RHP Carlos Acosta
Batting: LHB Tomás Mejía 0-0: Ball
1-0: Ground out 6-3 (Groundball, 4M)
Batting: LHB Carlos Medina 0-0: Ball
1-0: Ball
2-0: Ball
3-0: Called Strike
3-1: DOUBLE (Line Drive, 7LM)
Batting: RHB León Domínguez 0-0: Ball
1-0: Ball
2-0: Foul Ball, location: 2F
2-1: Foul Ball, location: 2F
2-2: Foul Ball, location: 2F
2-2: Ball
3-2: Foul Ball, location: 2F
3-2: Base on Balls
Batting: LHB Jacob Herman 0-0: Ball
1-0: Fielders Choice at 2nd, 6-4 (Groundball, 6M)
Carlos Medina to third
Batting: SHB Javier Gonzáles 0-0: Ground out 4-3 (Groundball, 4)
Bottom of the 2nd over - 0 run(s), 1 hit(s), 0 error(s), 2 left on base; Athletic Club KC 3 - South Beach 0
TOP OF THE 3RD
Athletic Club KC U-21 batting - Pitching for South Beach Blaze : RHP Alberto Reyes
Batting: LHB Naohiro Sakai 0-0: Ball
1-0: Ball
2-0: Called Strike
2-1: Called Strike
2-2: Fly out, F1 (Line Drive, 13)
Batting: RHB Geoff Rivers 0-0: Ground out 5-3 (Groundball, 56S)
Batting: RHB Chris Costa 0-0: Called Strike
0-1: Hit by Pitch
Batting: RHB Iván Chacón 0-0: Called Strike
Chris Costa steals 2nd base
0-1: Swinging Strike
0-2: Strikes out swinging
Top of the 3rd over - 0 run(s), 0 hit(s), 0 error(s), 1 left on base; Athletic Club KC 3 - South Beach 0
BOTTOM OF THE 3RD
South Beach Blaze batting - Pitching for Athletic Club KC U-21 : RHP Carlos Acosta
Batting: RHB Gabriel Maldonado 0-0: Foul Ball, location: 2F
0-1: Ball
1-1: Ground out 5-3 (Groundball, 56)
Batting: RHB Nick Ross 0-0: Ball
1-0: Foul Ball, location: 2F
1-1: Called Strike
1-2: Foul Ball, location: 2F
1-2: Ground out 1-3 (Groundball, 13)
Batting: RHB Omar Schuler 0-0: Called Strike
0-1: Ball
1-1: Swinging Strike
1-2: Strikes out swinging
Bottom of the 3rd over - 0 run(s), 0 hit(s), 0 error(s), 0 left on base; Athletic Club KC 3 - South Beach 0
TOP OF THE 4TH
Athletic Club KC U-21 batting - Pitching for South Beach Blaze : RHP Alberto Reyes
Batting: RHB Diego Bonilla 0-0: Ball
1-0: Ball
2-0: Ground out 1-3 (Groundball, 23)
Batting: RHB Aurelio Álvarez 0-0: DOUBLE (Flyball, 89M)
Batting: RHB José Flores 0-0: Ball
1-0: Foul Ball, location: 2F
1-1: Fly out, F8 (Flyball, 8LM)
Batting: LHB Michael Landry 0-0: Ball
1-0: Ball
2-0: SINGLE (Line Drive, 8RS)
Aurelio Álvarez to third
Runner from 3rd tries for Home, SAFE, no throw or cutoff
Batting: SHB Fernando Luna 0-0: Called Strike
0-1: SINGLE (Flyball, 7S)
Michael Landry to second
Batting: LHB Naohiro Sakai 0-0: Foul Ball, location: 2F
0-1: Swinging Strike
0-2: Ball
1-2: Ball
2-2: Ball
3-2: Strikes out swinging
Top of the 4th over - 1 run(s), 3 hit(s), 0 error(s), 2 left on base; Athletic Club KC 4 - South Beach 0
BOTTOM OF THE 4TH
South Beach Blaze batting - Pitching for Athletic Club KC U-21 : RHP Carlos Acosta
Batting: RHB Marcos Reyes 0-0: Ball
1-0: Ball
2-0: Ball
3-0: Base on Balls
Batting: LHB Tomás Mejía 0-0: Ball
1-0: Called Strike
1-1: Grounds into double play, 1-6-3 (Groundball, 15)
Batting: LHB Carlos Medina 0-0: SINGLE (Line Drive, 78M)
Batting: RHB León Domínguez 0-0: Called Strike
0-1: Fly out, F6 (Popup, 56)
Bottom of the 4th over - 0 run(s), 1 hit(s), 0 error(s), 1 left on base; Athletic Club KC 4 - South Beach 0
TOP OF THE 5TH
Athletic Club KC U-21 batting - Pitching for South Beach Blaze : RHP Alberto Reyes
Batting: RHB Geoff Rivers 0-0: Called Strike
0-1: Ball
1-1: Ball
2-1: Ball
3-1: Base on Balls
Batting: RHB Chris Costa 0-0: Ball
1-0: Ball
Geoff Rivers steals 2nd base
2-0: Intentional Walk
Batting: RHB Iván Chacón 0-0: Ball
1-0: Ball
2-0: Ball
3-0: Called Strike
3-1: Called Strike
3-2: Foul Ball, location: 2F
3-2: Strikes out swinging
Batting: RHB Diego Bonilla 0-0: Ball
1-0: Called Strike
1-1: Swinging Strike
1-2: Ball
2-2: Foul Ball, location: 2F
2-2: Foul Ball, location: 2F
2-2: Fielders Choice at 2nd, 6-4 (Groundball, 6M)
Geoff Rivers to third
Pitching: RHP Justin Connolly
Batting: RHB Aurelio Álvarez 0-0: Ball
1-0: SINGLE (Line Drive, 56D)
Geoff Rivers scores
Diego Bonilla to second
Batting: RHB José Flores 0-0: Ball
1-0: Foul Ball, location: 2F
1-1: Called Strike
1-2: Foul Ball, location: 2F
1-2: Strikes out swinging
Top of the 5th over - 1 run(s), 1 hit(s), 0 error(s), 2 left on base; Athletic Club KC 5 - South Beach 0
BOTTOM OF THE 5TH
South Beach Blaze batting - Pitching for Athletic Club KC U-21 : RHP Carlos Acosta
Batting: LHB Jacob Herman 0-0: Called Strike
0-1: Ball
1-1: Swinging Strike
1-2: Ball
2-2: Strikes out swinging
Batting: SHB Javier Gonzáles 0-0: DOUBLE (Groundball, 3L)
Batting: RHB Gabriel Maldonado 0-0: Foul Ball, location: 2F
0-1: Foul Ball, location: 2F
0-2: Ball
1-2: Strikes out swinging
Batting: RHB Nick Ross 0-0: Ball
1-0: Foul Ball, location: 2F
1-1: DOUBLE (Line Drive, 8RM)
Javier Gonzáles scores
Batting: RHB Omar Schuler 0-0: Called Strike
0-1: Ball
1-1: Ball
2-1: Called Strike
2-2: Foul Ball, location: 2F
2-2: Ground out U3 (Groundball, 3S)
Bottom of the 5th over - 1 run(s), 2 hit(s), 0 error(s), 1 left on base; Athletic Club KC 5 - South Beach 1
TOP OF THE 6TH
Athletic Club KC U-21 batting - Pitching for South Beach Blaze : RHP Justin Connolly
Batting: LHB Michael Landry 0-0: Ball
1-0: Called Strike
1-1: Fly out, F2 (Popup, 2RF)
Batting: SHB Fernando Luna 0-0: Called Strike
0-1: DOUBLE (Line Drive, 5D)
Batting: LHB Naohiro Sakai 0-0: Intentional Walk
Batting: RHB Geoff Rivers 0-0: Ball
1-0: Foul Ball, location: 2F
1-1: Ball
2-1: DOUBLE (Line Drive, 89M)
Fernando Luna scores
Naohiro Sakai to third
Batting: RHB Chris Costa 0-0: Intentional Walk
Batting: RHB Iván Chacón 0-0: Called Strike
0-1: Ball
1-1: Called Strike
1-2: Strikes out looking
Batting: RHB Diego Bonilla 0-0: Ball
1-0: Called Strike
1-1: Foul Ball, location: 2F
1-2: Ground out 1-3 (Groundball, 3S)
Top of the 6th over - 1 run(s), 2 hit(s), 0 error(s), 3 left on base; Athletic Club KC 6 - South Beach 1
BOTTOM OF THE 6TH
South Beach Blaze batting - Pitching for Athletic Club KC U-21 : RHP Carlos Acosta
Batting: RHB Marcos Reyes 0-0: Ground out 5-3 (Groundball, 56)
Batting: LHB Tomás Mejía 0-0: Called Strike
0-1: SINGLE (Line Drive, 89S)
Batting: LHB Carlos Medina 0-0: Foul Ball, location: 2F
0-1: Swinging Strike
0-2: Foul Ball, location: 2F
0-2: Ground out 4-3 (Groundball, 4M)
Tomás Mejía to second
Batting: RHB León Domínguez 0-0: SINGLE (Line Drive, 9LM)
Tomás Mejía to third
Runner from 3rd tries for Home, SAFE, no throw or cutoff
Batting: LHB Jacob Herman 0-0: Called Strike
0-1: Ball
1-1: Ground out 3-1 (Groundball, 34)
Bottom of the 6th over - 1 run(s), 2 hit(s), 0 error(s), 1 left on base; Athletic Club KC 6 - South Beach 2
TOP OF THE 7TH
Athletic Club KC U-21 batting - Pitching for South Beach Blaze : RHP Justin Connolly
Batting: RHB Aurelio Álvarez 0-0: Swinging Strike
0-1: Ground out 1-3 (Groundball, 13S)
Batting: RHB José Flores 0-0: Called Strike
0-1: Ground out 4-3 (Groundball, 4)
Batting: LHB Michael Landry 0-0: Ball
1-0: Ground out 4-3 (Groundball, 4)
Top of the 7th over - 0 run(s), 0 hit(s), 0 error(s), 0 left on base; Athletic Club KC 6 - South Beach 2
BOTTOM OF THE 7TH
South Beach Blaze batting - Pitching for Athletic Club KC U-21 : RHP Carlos Acosta
Batting: SHB Javier Gonzáles 0-0: Called Strike
0-1: Bunt missed!
0-2: Ball
1-2: Ball
2-2: Ground out 1-3 (Groundball, 15)
Batting: RHB Gabriel Maldonado 0-0: Called Strike
0-1: Ball
1-1: Foul Ball, location: 2F
1-2: Ball
2-2: Foul Ball, location: 2F
2-2: Fly out, F7 (Flyball, 78M)
Batting: RHB Nick Ross 0-0: Ball
1-0: Foul Ball, location: 2F
1-1: Called Strike
1-2: Ground out 4-3 (Groundball, 4M)
Bottom of the 7th over - 0 run(s), 0 hit(s), 0 error(s), 0 left on base; Athletic Club KC 6 - South Beach 2
TOP OF THE 8TH
Athletic Club KC U-21 batting - Pitching for South Beach Blaze : RHP Justin Connolly
Batting: SHB Fernando Luna 0-0: Ball
1-0: Called Strike
1-1: SINGLE (Groundball, 3D)
Batting: LHB Naohiro Sakai 0-0: Foul Ball, location: 2F
0-1: Reached on error, E4 (Groundball, 34)
Fernando Luna to second
Batting: RHB Geoff Rivers 0-0: Called Strike
0-1: Ball
1-1: Ball
2-1: Fly out, F3 (Popup, 23)
Batting: RHB Chris Costa 0-0: Called Strike
0-1: Swinging Strike
0-2: Ball
1-2: Foul Ball, location: 2F
1-2: Ball
2-2: Strikes out looking
Pitching: RHP Greg Davis
Batting: RHB Iván Chacón 0-0: Foul Ball, location: 2F
0-1: Ground out 5-3 (Groundball, 56)
Top of the 8th over - 0 run(s), 1 hit(s), 1 error(s), 2 left on base; Athletic Club KC 6 - South Beach 2
BOTTOM OF THE 8TH
South Beach Blaze batting - Pitching for Athletic Club KC U-21 : RHP Carlos Acosta
Batting: RHB Omar Schuler 0-0: Ball
1-0: Foul Ball, location: 2F
1-1: Ball
2-1: Foul Ball, location: 2F
2-2: SINGLE (Line Drive, 4MD)
Batting: RHB Marcos Reyes 0-0: Ball
1-0: DOUBLE (Flyball, 89M)
Omar Schuler to third
Batting: LHB Tomás Mejía 0-0: Swinging Strike
0-1: Ground out 3-1 (Groundball, 34)
Omar Schuler scores
Marcos Reyes to third
Batting: LHB Carlos Medina 0-0: Called Strike
0-1: Ball
1-1: Foul Ball, location: 2F
1-2: Fly out, F6 (Line Drive, 6M)
1-2: Lined into DP, 6-5 (Line Drive, 6M)
Bottom of the 8th over - 1 run(s), 2 hit(s), 0 error(s), 0 left on base; Athletic Club KC 6 - South Beach 3
TOP OF THE 9TH
Athletic Club KC U-21 batting - Pitching for South Beach Blaze : RHP Greg Davis
Batting: RHB Diego Bonilla 0-0: Ball
1-0: Called Strike
1-1: Ball
2-1: Ball
3-1: Base on Balls
Batting: RHB Aurelio Álvarez 0-0: 2-RUN HOME RUN (Flyball, 8LXD), Distance : 446 ft
Pitching: RHP Ken Shelton
Batting: RHB José Flores 0-0: Ball
1-0: Ball
2-0: Ball
3-0: Called Strike
3-1: SINGLE (Line Drive, 78S)
Batting: LHB Michael Landry 0-0: Called Strike
0-1: Ball
1-1: Swinging Strike
1-2: Ball
2-2: Strikes out swinging
Batting: SHB Fernando Luna 0-0: Foul Ball, location: 2F
0-1: Ball
1-1: Grounds into double play, 1-6-3 (Groundball, 25)
Top of the 9th over - 2 run(s), 2 hit(s), 0 error(s), 0 left on base; Athletic Club KC 8 - South Beach 3
BOTTOM OF THE 9TH
South Beach Blaze batting - Pitching for Athletic Club KC U-21 : RHP Carlos Acosta
Pitching: RHP Roland Allen
Now at 2B: Domingo Gutiérrez
Batting: RHB León Domínguez 0-0: Fly out, F7 (Flyball, 7M)
Batting: LHB Jacob Herman 0-0: Swinging Strike
0-1: Foul Ball, location: 2F
0-2: Ball
1-2: Foul Ball, location: 2F
1-2: Strikes out swinging
Batting: SHB Javier Gonzáles 0-0: Called Strike
0-1: Called Strike
0-2: Ball
1-2: Strikes out looking
Bottom of the 9th over - 0 run(s), 0 hit(s), 0 error(s), 0 left on base; Athletic Club KC 8 - South Beach 3
This league is powered by Out of the Park Baseball, the baseball management simulation game for PC, Mac and Linux
Friday, April 15th, 2016 - OOTP Baseball 16.9 Build 39